 Dungeon Crawl Stone Soup version 0.18-a0-1123-gbd92598 (webtiles) character file.

33455 MrRokkomies the Protected (level 13, 0/82 HPs)
             Began as a Gargoyle Fighter on Jan 19, 2016.
             Was a Priest of Qazlal.
             Slain by a sphinx (11 damage)
             ... summoned by Kirke
             ... on level 6 of the Lair of Beasts.
             The game lasted 00:42:05 (14543 turns).

MrRokkomies the Protected (Gargoyle Fighter)       Turns: 14543, Time: 00:42:05

Health: 0/82       AC:  0    Str: 21    XL:     13   Next: 71%
Magic:  19/21      EV: 19    Int:  9    God:    Qazlal [***...]
Gold:   993        SH:  4    Dex: 13    Spells: 0 memorised, 12 levels left

rFire  . . .     SeeInvis .     (weapon currently unavailable)
rCold  . . .     Gourm    .     (armour currently unavailable)
rNeg   + . .     Faith    .     (shield currently unavailable)
rPois  ∞         Spirit   .     (helmet currently unavailable)
rElec  .         Dismiss  .     (cloak currently unavailable)
rCorr  .         Reflect  .     (gloves currently unavailable)
SustAt .         Harm     .     (boots currently unavailable)
MR     .....                    Q - amulet of regeneration
Stlth  +.........               (ring currently unavailable)
                                (ring currently unavailable)

@: pig-form, slowed, not resistant to hostile enchantments, very unstealthy
A: negative energy resistance 1, (electricity resistance), (unbreathing),
petrification resistance, rot immunity, AC +9
a: Upheaval, Elemental Force, Renounce Religion


You were on level 6 of the Lair of Beasts.
You worshipped Qazlal.
Qazlal was most pleased with you.
You were not hungry.
You were a filthy swine.
You visited 3 branches of the dungeon, and saw 18 of its levels.

You collected 993 gold pieces.

Inventory:

Hand Weapons
 a - a +1 whip of electrocution (melded)
 b - a +0 hunting sling of flaming
 F - a +0 blowgun
Missiles
 d - 15 sling bullets of flame
 i - 374 stones (quivered)
 p - 40 poisoned needles
 r - 73 sling bullets
 M - 18 curare-tipped needles
 O - 11 steel sling bullets
 X - 7 sling bullets of frost
Armour
 c - a +0 shield (melded)
 l - the +10 plate armour of Daisies {rF+++ MP+9 Int+2 Slay-5}
   (You found it on level 5 of the Lair of Beasts)

   It affects your intelligence (+2).
   It affects your accuracy and damage with ranged weapons and melee attacks
   (-5).
   It renders you almost immune to fire.
   It affects your magic capacity (+9).
 z - a +0 cloak (melded)
 B - a +0 pair of boots (melded)
 E - a +3 plate armour of cold resistance (melded)
Jewellery
 j - an uncursed ring of fire
 G - a ring of protection from fire (melded)
 I - a ring of stealth (melded)
 L - a +3 ring of intelligence
 Q - an amulet of regeneration (around neck)
Wands
 e - a wand of lightning (1/15)
 S - a wand of enslavement (10/24)
 U - a wand of lightning (2/15)
 V - a wand of polymorph (5/24)
Scrolls
 g - 2 scrolls of enchant weapon
 v - 9 scrolls of remove curse
 y - 3 scrolls of recharging
 C - 2 scrolls of teleportation
 D - a scroll of blinking
 N - 2 scrolls of fog
 W - a scroll of magic mapping
Potions
 h - 3 potions of magic
 k - a potion of mutation
 q - a potion of flight
 s - a potion of cancellation
 t - 5 potions of brilliance
 u - 7 potions of curing
 w - a potion of resistance {unknown}
 x - 5 potions of heal wounds
 A - 2 potions of invisibility {unknown}
 P - 3 potions of berserk rage {unknown}
 T - 2 potions of lignification {unknown}
 Y - 2 potions of might
Books
 m - a book of Callings

   Spells                             Type                      Level
   a - Summon Small Mammal            Summoning                    1
   b - Call Imp                       Summoning                    2
   c - Call Canine Familiar           Summoning                    3
   d - Summon Guardian Golem          Hexes/Summoning              3
   e - Summon Lightning Spire         Summoning/Air                4
   f - Summon Ice Beast               Ice/Summoning                4
 H - a book of Envenomations

   Spells                             Type                      Level
   a - Spider Form                    Transmutation/Poison         3
   b - Olgreb's Toxic Radiance        Poison                       4
   c - Alistair's Intoxication        Transmutation/Poison         5
   d - Poisonous Cloud                Conjuration/Poison/Air       6
 R - a book of Necromancy

   Spells                             Type                      Level
   a - Pain                           Necromancy                   1
   b - Animate Skeleton               Necromancy                   1
   c - Vampiric Draining              Necromancy                   3
   d - Regeneration                   Charms/Necromancy            3
   e - Animate Dead                   Necromancy                   4
   f - Control Undead                 Necromancy                   4
Comestibles
 f - 5 bread rations
 n - 10 royal jellies
 o - 9 meat rations
 J - 5 beef jerkies
 K - 28 fruits
 Z - 3 chunks of flesh


   Skills:
 - Level 10.0 Fighting
 - Level 10.3 Maces & Flails
 * Level 11.4 Armour
 - Level 8.0 Dodging
 - Level 9.5 Shields
 * Level 11.4 Invocations


You had 12 spell levels left.
You didn't know any spells.

Dungeon Overview and Level Annotations

Branches:
Dungeon (11/15)            Temple (1/1) D:7            Lair (6/8) D:10
  Swamp (0/4) Lair:4        Snake (0/4) Lair:5          Orc (0/2) D:10
  Slime: Lair:6-8

Altars:
Ashenzari
Cheibriados
Dithmenos
Elyvilon
Fedhas
Gozag
Kikubaaqudgha
Makhleb
Nemelex Xobeh
Okawaru
Pakellas
Qazlal
Ru
Sif Muna
Trog
Vehumet
Xom
Yredelemnul
Zin
The Shining One

Shops:
D:5 (   D:6 (   D:10 (

Annotations:
D:4 Duffy's ghost, amateur MiFi
Lair:3 exclusion: orange crystal statue
Lair:6 Kirke


Innate Abilities, Weirdness & Mutations

You are resistant to torment.
((Your stone body is resilient (AC +9).))
You are immune to poison.
You resist negative energy.
((You are resistant to electric shocks.))
((You can survive without breathing.))
You are immune to petrification.
You are immune to rotting.


Message History

The sphinx is engulfed in roaring flames.
Kirke hits you!!
The sphinx casts a spell.
You suddenly lose the ability to move!
Kirke casts a spell at you.
You feel a momentary urge to oink.
You can move again.
Unknown command.
Drink which item? (? for menu, Esc to quit)
You feel better.
You are no longer glowing.
The sphinx is engulfed in roaring flames.
The sphinx hits you! The sphinx closely misses you. x2
Kirke hits you!
The sphinx is engulfed in roaring flames.
The sphinx hits you!!
* * * LOW HITPOINT WARNING * * *
The sphinx hits you.
* * * LOW HITPOINT WARNING * * *
The sphinx hits you!
You die...

##.#......###
#.#...<..#..## .
###............### ...
#........††......# ...
###..............###
...#####...............#
....#P.##...............
).P...§........§.......#
...............@h......#
.##......P.#.§.H........
#P.P...................
#P.....................
##.....................
#..............#......P
##<...............#....
#......./......P.....#
##..............P###.#


You could see Kirke and a sphinx.

Vanquished Creatures
  Rupert (Lair:6)
  Nessos (Lair:6)
  Harold (Lair:2)
  4 hydras
  A death yak (Lair:6)
  Sonja (Lair:3)
  2 skeletal warriors (D:10)
  Pikel (D:7)
  A manticore (D:10)
  An oklob plant (Lair:4)
  Maurice (D:10)
  5 black mambas
  Joseph (D:7)
  8 spiny frogs
  3 centaur zombies (D:10)
  A fire drake (D:10)
  5 komodo dragons
  A troll (D:9)
  2 polar bears (Lair:4)
  A boulder beetle (Lair:6)
  8 blink frogs
  2 shadows (D:10)
  2 flying skulls (D:10)
  20 yaks
  6 wyverns
  2 basilisks
  5 hippogriffs
  A hog (Lair:6)
  3 vampire mosquitoes (Lair:4)
  3 nagas (Lair:5)
  18 wolves
  A soldier ant (D:9)
  8 water moccasins
  5 porcupines
  2 orc warriors (D:6)
  A phantom (D:4)
  An ice beast (D:3)
  A black bear (D:9)
  3 wasps (D:9)
  2 necrophages (D:10)
  2 slaves (D:7)
  4 ogres
  2 centaurs
  4 crocodiles
  A wyvern zombie (D:10)
  9 giant frogs
  4 scorpions
  A wyvern skeleton (D:10)
  5 wights (D:10)
  3 electric eels
  A jelly (D:10)
  3 crimson imps
  A quasit (D:8)
  3 giant frog zombies
  3 hounds
  An orc priest (D:8)
  4 centaur skeletons (D:10)
  7 orc wizards
  5 giant frog skeletons
  9 iguanas
  5 worker ants
  23 sheep
  2 hound skeletons (D:10)
  2 worker ant zombies (D:10)
  12 adders
  33 river rats
  A shadow imp (D:9)
  An adder zombie (D:4)
  5 adder skeletons
  A worm (D:2)
  4 giant geckos
  33 orcs
  A ball python (D:3)
  2 giant cockroaches
  5 goblins
  5 hobgoblins
  8 jackals
  7 kobolds
  5 quokkas
  4 bats
  6 giant newts
  2 quokka skeletons
  6 rats
  A spectral orc (D:8)
  2 butterflies (Lair:2)
  15 fungi
  8 plants
407 creatures vanquished.

Vanquished Creatures (collateral kills)
  2 hogs (Lair:6)
2 creatures vanquished.

Vanquished Creatures (others)
  A slave (D:7)
  An orc wizard (D:4)
  A hound zombie (D:7)
  7 fungi
  4 plants
14 creatures vanquished.

Grand Total: 423 creatures vanquished

Notes
Turn   | Place    | Note
--------------------------------------------------------------
     0 | D:1      | MrRokkomies the Gargoyle Fighter began the quest for the Orb.
     0 | D:1      | Reached XP level 1. HP: 14/14 MP: 1/1
   218 | D:1      | Reached XP level 2. HP: 19/19 MP: 2/2
   721 | D:1      | Reached skill level 4 in Fighting
  1026 | D:2      | Reached XP level 3. HP: 24/24 MP: 3/3
  1216 | D:2      | Reached XP level 4. HP: 30/30 MP: 4/4
  1290 | D:2      | Found a sparkling altar of Nemelex Xobeh.
  1365 | D:2      | Found a snail-covered altar of Cheibriados.
  1445 | D:3      | Found a bloodstained altar of Trog.
  1711 | D:3      | Reached skill level 5 in Fighting
  1711 | D:3      | Reached XP level 5. HP: 33/35 MP: 5/5
  1966 | D:3      | Noticed an ice beast
  1994 | D:3      | Killed an ice beast
  1994 | D:3      | Reached XP level 6. HP: 38/40 MP: 6/6
  2222 | D:4      | Noticed a phantom
  2241 | D:4      | Killed a phantom
  2241 | D:4      | Reached skill level 6 in Fighting
  2349 | D:4      | Reached skill level 5 in Maces & Flails
  2533 | D:4      | Reached XP level 7. HP: 46/46 MP: 7/7
  2579 | D:4      | Noticed Duffy's ghost (amateur MiFi)
  2886 | D:5      | Entered Level 5 of the Dungeon
  2890 | D:5      | Reached skill level 5 in Shields
  2925 | D:5      | Found Xienets's Weapon Shoppe.
  3762 | D:6      | Reached XP level 8. HP: 51/51 MP: 8/8
  3832 | D:6      | Found a white marble altar of Elyvilon.
  3925 | D:6      | Found Ciokk's Weapon Boutique.
  4133 | D:6      | Reached skill level 7 in Maces & Flails
  4506 | D:7      | Noticed Pikel
  4529 | D:7      | Killed Pikel
  4529 | D:7      | Reached skill level 8 in Maces & Flails
  4743 | D:7      | Noticed Joseph
  4767 | D:7      | Killed Joseph
  4767 | D:7      | Reached XP level 9. HP: 5/55 MP: 9/9
  5124 | D:7      | Found a staircase to the Ecumenical Temple.
  5131 | Temple   | Entered the Ecumenical Temple
  5524 | D:7      | Found an oddly glowing altar of Pakellas.
  5524 | D:7      | Found a stormy altar of Qazlal.
  5527 | D:7      | Became a worshipper of Qazlal Stormbringer
  5992 | D:8      | Reached skill level 9 in Maces & Flails
  6340 | D:8      | Found a sacrificial altar of Ru.
  6390 | D:8      | Reached * piety under Qazlal
  6491 | D:8      | Found a basalt altar of Yredelemnul.
  6666 | D:8      | Reached XP level 10. HP: 27/60 MP: 10/10
  6669 | D:8      | Reached skill level 10 in Maces & Flails
  6857 | D:9      | Reached skill level 5 in Armour
  7137 | D:9      | Found a glowing golden altar of the Shining One.
  7140 | D:9      | Found a sparkling altar of Nemelex Xobeh.
  7579 | D:9      | Found a burning altar of Makhleb.
  7888 | D:10     | Entered Level 10 of the Dungeon
  7934 | D:10     | Noticed a manticore
  7944 | D:10     | Killed a manticore
  8047 | D:10     | Found a staircase to the Lair.
  8080 | D:10     | Noticed a skeletal warrior
  8137 | D:10     | Killed a skeletal warrior
  8141 | D:10     | Reached ** piety under Qazlal
  8141 | D:10     | Reached XP level 11. HP: 36/69 MP: 11/11
  8167 | D:10     | Noticed a skeletal warrior
  8184 | D:10     | Killed a skeletal warrior
  8547 | D:10     | Noticed Maurice
  8592 | D:10     | Killed Maurice
  8822 | D:10     | Found Pyitorun's Antique Weapon Shop.
  8856 | D:10     | Found a staircase to the Orcish Mines.
  9104 | D:10     | Reached skill level 10 in Fighting
  9193 | D:11     | Noticed a hill giant
  9249 | Lair:1   | Entered Level 1 of the Lair of Beasts
  9300 | D:10     | Reached skill level 1 in Dodging
  9406 | Lair:1   | Reached skill level 10 in Armour
  9411 | Lair:1   | Noticed a six-headed hydra
  9432 | Lair:1   | Killed a six-headed hydra
  9579 | Lair:1   | Reached *** piety under Qazlal
  9982 | Lair:2   | Reached XP level 12. HP: 77/77 MP: 15/15
 10004 | Lair:2   | Reached skill level 5 in Invocations
 10415 | Lair:2   | Reached **** piety under Qazlal
 10453 | Lair:2   | Reached skill level 5 in Dodging
 10560 | Lair:2   | Noticed Harold
 10583 | Lair:2   | Killed Harold
 10818 | Lair:2   | Noticed an eight-headed hydra
 10833 | Lair:2   | Killed an eight-headed hydra
 11238 | Lair:3   | Noticed Sonja
 11245 | Lair:3   | Killed Sonja
 11363 | Lair:3   | Noticed a six-headed hydra
 11369 | Lair:3   | Killed a six-headed hydra
 12355 | Lair:4   | Found a staircase to the Swamp.
 12446 | Lair:4   | Noticed a six-headed hydra
 12473 | Lair:4   | Killed a six-headed hydra
 12473 | Lair:4   | Reached XP level 13. HP: 38/82 MP: 18/20
 13197 | Lair:5   | Reached skill level 10 in Invocations
 13322 | Lair:5   | Found a staircase to the Snake Pit.
 13372 | Lair:5   | Got a dazzling plate armour
 13383 | Lair:5   | Identified the +10 plate armour of Daisies {rF+++ MP+9 Int+2 Slay-5} (You found it on level 5 of the Lair of Beasts)
 13923 | Lair:6   | Noticed Nessos
 14026 | Lair:6   | Killed Nessos
 14133 | Lair:6   | Noticed Rupert
 14168 | Lair:6   | Killed Rupert
 14286 | Lair:6   | Reached skill level 11 in Invocations
 14499 | Lair:6   | Noticed Kirke
 14531 | Lair:6   | Noticed a sphinx
 14541 | Lair:6   | Paralysed by a sphinx for 2 turns
 14543 | Lair:6   | Slain by a sphinx

Vault maps used:
D:1:      matt_arrival_grand_opening
D:2:      nicolae_overflow_hidden_temple, grunt_nemelex_the_gamble
D:3:      first_bread, trog_three_pillars_becter
D:5:      serial_shops, shop
D:6:      minmay_klotski, elyvilon_altar_5, serial_shops, shop_statue
D:7:      gammafunk_temple_overflow_elements, temple_fountains, uniq_joseph,
          uniq_pikel
D:8:      yredelemnul_forgotten_temple_becter, marbit_many_paths
D:9:      lemuel_coloured_pillars_altar, grunt_temple_overflow_open,
          hangedman_pestilent_swarm
D:10:     hangedman_screamer, minmay_lair_entry_lava, orc_0_dummy, serial_shops,
          nicolae_shop_overgrown_old_shop, minmay_gold_behind_fungi,
          uniq_maurice
D:11:     basic_altar, uniq_grum, uniq_fannar
Temple:   bh_familiar_temple
Lair:1:   infiniplex_staircase_pool
Lair:2:   grunt_megastairs_2, serial_bayou_shore_b, lemuel_fruit_fields,
          infiniplex_staircase_pool_2, lemuel_fruit_tree, uniq_harold
Lair:3:   statuecave_lemuel, uniq_sonja
Lair:4:   minmay_lair_oklob_items, minmay_swamp_entry_swarm, lab_entry_generic
Lair:5:   minmay_snake_entry_guardpost_small
Lair:6:   beast_lair_carwin_8, uniq_nessos, uniq_kirke, uniq_rupert

Action                   |  1- 3 |  4- 6 |  7- 9 | 10-12 | 13-15 || total
-------------------------+-------+-------+-------+-------+-------++-------
Melee: Flail             |   100 |    35 |       |       |       ||   135
       Whip              |       |   144 |   382 |  1032 |   383 ||  1941
       Unarmed           |       |       |       |       |     1 ||     1
 Fire: Hunting sling     |     4 |       |     5 |     2 |       ||    11
       Blowgun           |       |       |       |       |     5 ||     5
Throw: Stone             |       |     1 |     2 |     5 |       ||     8
Invok: Upheaval          |       |       |       |     1 |     3 ||     4
       Elemental Force   |       |       |       |       |     2 ||     2
Evoke: Wand              |       |       |       |    14 |       ||    14
  Use: Scroll            |     8 |     3 |     5 |     4 |     5 ||    25
       Potion            |       |     2 |     5 |     4 |     1 ||    12
 Stab: Distracted        |       |       |     1 |       |       ||     1
  Eat: Chunk             |     1 |     5 |    11 |    11 |     8 ||    36
       Beef jerky        |       |       |     1 |       |       ||     1
       Pizza             |       |       |       |     5 |       ||     5
